 Dungeon Crawl Stone Soup version 0.32-a0-120-gfac0567ad4 (webtiles) character file.

Game seed: 3650467278949938217

79256 Dittersdorf the Peltast (level 15, -9/103 HPs)
             Began as a Gargoyle Fighter on Feb 6, 2024.
             Was an Initiate of Gozag.
             Killed by divine providence
             ... invoked by an orc high priest
              (13 damage)
             ... on level 2 of the Orcish Mines.
             The game lasted 00:34:39 (19760 turns).

Dittersdorf the Peltast (Gargoyle Fighter)         Turns: 19760, Time: 00:34:39

Health: -9/103     AC: 34    Str: 31    XL:     15   Next: 63%
Magic:  15/15      EV:  9    Int: 10    God:    Gozag
Gold:   6758       SH: 13    Dex:  9    Spells: 11/14 levels left

rFire   . . .        a - +1 morningstar (spect)
rCold   . . .        n - +1 kite shield
rNeg    + . .        c - +6 chain mail of Okawaru's Grace {rPois Regen+ Str+2}
rPois   ∞            (no helmet)
rElec   +            r - +0 cloak
rCorr   .            y - +0 pair of gloves {Str+3}
SInv    .            (no boots)
Will    ++...        s - amulet of regeneration Stlth
                     j - ring of willpower
HPRegen 1.97/turn    k - +4 ring of slaying
MPRegen 0.14/turn

%: no passive effects
@: flying
A: sickness immunity, AC +11, big wings, negative energy resistance 1,
electricity resistance, torment resistance 1, petrification resistance
a: Renounce Religion, Potion Petition, Call Merchant, Bribe Branch


You were on level 2 of the Orcish Mines.
You worshipped Gozag.
Gozag was greatly pleased with you.
You visited 4 branches of the dungeon, and saw 19 of its levels.
You also visited: Ossuary.

You collected 7545 gold pieces.
You spent 679 gold pieces at shops.
You paid 108 gold pieces to Gozag.

Inventory:

Hand Weapons
 a - a +1 spectral morningstar (weapon)
Missiles
 A - 2 throwing nets
Armour
 c - the +6 chain mail of Okawaru's Grace (worn) {rPois Regen+ Str+2}
   (You took it off an orc warrior on level 9 of the Dungeon)

   Str+2:     It affects your strength (+2).
   rPois:     It protects you from poison Regen+: It increases your rate of
   health regeneration.
 n - a +1 kite shield (worn)
 p - the +0 crystal plate armour "Junwij" {rF+ Dex+3 Stlth-}
   (You took it off an orc warrior on level 9 of the Dungeon)

   Dex+3:     It affects your dexterity (+3).
   rF+:       It protects you from fire.
   Stlth-:    It makes you less stealthy.
 r - a +0 cloak (worn)
 w - a +0 chain mail of fire resistance
 y - a +0 pair of gloves of strength (worn)
Jewellery
 i - a ring of ice
 j - a ring of willpower (left hand)
 k - a +4 ring of slaying (right hand)
 s - an amulet of regeneration (around neck)
 t - a ring of magical power
 v - a ring of see invisible
Wands
 C - a wand of light (13) (quivered)
Scrolls
 b - a scroll of fear
 e - 2 scrolls of fog
 g - 9 scrolls of teleportation
 l - 3 scrolls of brand weapon
Potions
 d - 3 potions of might
 f - 3 potions of enlightenment
 h - 3 potions of mutation
 m - 2 potions of haste
 o - 4 potions of heal wounds
 q - 2 potions of brilliance
 u - 4 potions of curing
 x - a potion of invisibility
 z - 2 potions of cancellation
 B - 4 potions of berserk rage
 E - a potion of magic {unknown}


   Skills:
 + Level 15.3 Fighting
 + Level 14.0 Maces & Flails
 + Level 15.4 Armour
 + Level 15.4 Shields


You had 11 spell levels left.
You knew the following spells:

 Your Spells              Type           Power      Damage    Failure   Level
a - Passwall              Erth           0%         N/A       99%         3

Your spell library contained the following spells:

 Spells                   Type           Power      Damage    Failure   Level
 Freeze                   Ice            0%         1d3       80%         1
 Kiss of Death            Conj/Necr      0%         2d5       80%         1
 Ensorcelled Hibernation  Hex/Ice        0%         N/A       90%         2
 Mercury Vapours          Alch/Air       0%         N/A       90%         2
 Confusing Touch          Hex            0%         N/A       99%         3
 Frozen Ramparts          Ice            0%         1d1       99%         3
 Hailstorm                Conj/Ice       0%         3d5       99%         3
 Mephitic Cloud           Conj/Alch/Air  0%         N/A       99%         3
 Swiftness                Air            0%         N/A       99%         3
 Animate Armour           Summ/Erth      0%         N/A       100%        4
 Dispel Undead            Necr           0%         3d6       100%        4
 Leda's Liquefaction      Alch/Erth      0%         N/A       100%        4
 Summon Lightning Spire   Summ/Air       0%         N/A       100%        4
 Freezing Cloud           Conj/Ice/Air   0%         6-21      100%        5
 Lee's Rapid Deconstruct  Erth           0%         3d4*      100%        5
 Bombard                  Conj/Erth      0%         9d1       100%        6


Dungeon Overview and Level Annotations

Branches:
Dungeon (11/15)            Temple (1/1) D:6            Lair (5/5) D:11
  Swamp (0/4) Lair:2        Snake (0/4) Lair:2        Slime (0/5) Lair:4
    Orc (2/2) D:11            Elf (0/3) Orc:2       Ossuary (visited)

Altars:
Ashenzari
Cheibriados
Dithmenos
Elyvilon
Fedhas
Gozag
Hepliaklqana
Kikubaaqudgha
Makhleb
Nemelex Xobeh
Okawaru
Qazlal
Ru
Sif Muna
Trog
Uskayaw
Vehumet
Wu Jian
Xom
Yredelemnul
Zin
The Shining One
Jiyva

Shops:
D:3 ***[?   D:4 *   D:7 (   Orc:2 (

Annotations:
Lair:2 1 runed translucent door, zenocrate's ghost, journeyman KoDe


Innate Abilities, Weirdness & Mutations

You are immune to sickness and miasma.
Your stone body is resilient. (AC +11)
You are immune to poison.
Your large and strong wings let you fly.
You resist negative energy. (rN+)
You are resistant to electric shocks. (rElec)
You are resistant to unholy torment.
You are immune to petrification.


Message History

Items here: $ ( ))))))))) [[[[[[[[.
An orc high priest is nearby!
The orc high priest invokes the aid of Beogh against you.
Beogh smites you!
The orc shouts!
The orc high priest no longer looks unusually strong.
The orc priest begins to cast a cantrip, but forgets the words!
The orc high priest hits you but does no damage.
The orc knight roars a battlecry!
The orcs go into a battle-frenzy!
You block the orc high priest's attack.
Items here: $ ( ))))))))) [[[[[[[[.
You barely miss the orc high priest.
Your +1 spectral morningstar completely misses the orc high priest.
The orc warrior no longer looks unusually strong.
The orc high priest completely misses you.
The orc priest mumbles some strange prayers to Beogh against you.
Beogh smites you!
* * * LOW HITPOINT WARNING * * *
The orc knight hits your +1 spectral morningstar with a +0 great sword!!!
Your spectral weapon shares its damage with you!
Your +1 spectral morningstar disappears.
* * * LOW HITPOINT WARNING * * *
The orc high priest hits you but does no damage.
You completely miss the orc high priest.
Your +1 spectral morningstar barely misses the orc high priest.
The orc high priest no longer looks unusually strong.
The orc high priest hits your +1 spectral morningstar with a +4 scimitar!
Your spectral weapon shares its damage with you!
* * * LOW HITPOINT WARNING * * *
The orc high priest closely misses you.
The orc knight roars a battlecry!
The orcs go into a battle-frenzy!
You sock the orc high priest!
The orc high priest is moderately wounded.
Your +1 spectral morningstar barely misses the orc high priest.
The orc high priest invokes the aid of Beogh against you.
Beogh smites you!
You die...
Your body crumbles into a pile of gold.

..... ##.............##... ...##
###.........## #... ##
###.....### #... #...
################### ##########.
.....##...........## ##.......)..
....#....#.....#...# #.......o...
#...)...#.......#oo####.#>.......
##..)...........@(o4# ###........
##..........#.#.##oo#####........
#.......#...###.##..o.##...o.....
#..#...###.###...##.$.o..$.......
.........##.###.####..3...#......
#.##.#.......#### ##..#.........
#######...#..## #...##$##.....
##....##...# ##.##......(((
#....####.## ###.......(((


You could see an orc knight, 3 orc high priests, an orange demon (summoned), a
smoke demon (summoned), an orc warrior (strong), 2 orc priests and a friendly +1
spectral morningstar.

Vanquished Creatures
  An orc warlord (Orc:1)
  Fannar (Lair:2)
  An ice dragon (Lair:5)
  A hydra (Lair:4)
  A catoblepas (Lair:3)
  2 two-headed ogres
  Erica (D:11)
  A hell hog (Lair:5)
  17 death yaks
  An orc high priest (Orc:2)
  The ghost of Atlas the Thaumaturge, a novice DsFE of Vehumet (D:9)
  Sonja (D:11)
  2 skysharks
  A swamp dragon (Lair:5)
  Pikel (D:7)
  A lindwurm (Lair:5)
  8 orc knights
  An orc sorcerer (Orc:1)
  A deep elf pyromancer (D:7)
  A cyclops (D:8)
  A faun (Lair:1)
  24 elephants
  7 black mambas
  Joseph (D:7)
  2 kobold blastminers (Orc:1)
  3 rime drakes
  Jeremiah (D:7)
  15 cane toads
  Maggie (D:7)
  8 komodo dragons
  A troll (Orc:1)
  13 polar bears
  A hornet (D:11)
  31 blink frogs
  4 raiju (Lair:5)
  5 dream sheep (Lair:5)
  Sigmund (D:5)
  2 shadows
  4 wyverns
  39 yaks
  A vampire (D:11)
  7 wargs
  3 basilisks
  2 steam dragons
  7 vampire mosquitoes
  Edmund (D:5)
  3 nagas (Lair:2)
  2 acid dragons
  11 water moccasins
  13 hell hounds (Lair:5)
  38 orc warriors
  2 swamp drakes (Lair:5)
  13 black bears
  2 sky beasts
  8 ogres
  19 wolves (Lair:5)
  3 ice beasts
  3 centaurs
  2 phantoms
  13 bullfrogs
  4 kobold brigands
  4 elf zombies (Ossuary)
  A scorpion (D:7)
  2 gnoll sergeants
  4 wights (D:7)
  4 killer bees (D:10)
  3 electric eels
  38 orc priests
  A gnoll bouda (D:4)
  3 human zombies (Ossuary)
  3 hounds
  5 jellies
  Crazy Yiuf (D:5)
  Ijyb (D:5)
  A sleepcap (D:6)
  9 iguanas
  21 orc wizards
  17 hell rats
  2 crocodile zombies (Ossuary)
  A spectral hound (Ossuary)
  4 mummies (Ossuary)
  13 gnolls
  11 adders
  2 hound simulacra (Ossuary)
  A white imp (D:5)
  An ufetubus (D:6)
  5 spectral adders (Ossuary)
  2 spectral gnolls (Ossuary)
  A ribbon worm (D:3)
  A dart slug (D:5)
  101 orcs
  6 ball pythons
  5 bats
  7 endoplasms
  3 giant cockroaches
  7 gnoll zombies (Ossuary)
  4 goblins
  10 hobgoblins
  6 jackals
  22 kobolds
  5 quokkas
  4 frilled lizards
  3 gnoll simulacra (Ossuary)
  3 jackal simulacra (Ossuary)
  6 kobold zombies (Ossuary)
  3 orc zombies (Ossuary)
  5 rats
  2 spectral jackals (Ossuary)
  2 butterflies (Lair:5)
732 creatures vanquished.

Vanquished Creatures (others)
  An orc wizard (D:11)
  A gnoll (D:8)
  An ufetubus (D:6)
  An orc (D:8)
  15 spectral weapons
19 creatures vanquished.

Grand Total: 751 creatures vanquished

Notes
Turn   | Place    | Note
-------+----------+-------------------------------------------
     0 | D:1      | Dittersdorf the Gargoyle Fighter began the quest for the
                  | Orb.
     0 | D:1      | Reached XP level 1. HP: 14/14 MP: 1/1
   214 | D:1      | Reached XP level 2. HP: 7/19 MP: 2/2
   651 | D:2      | Reached XP level 3. HP: 23/23 MP: 3/3
  1123 | D:2      | Reached XP level 4. HP: 27/29 MP: 4/4
  1282 | D:3      | Found Dowel Beth's Assorted Antiques.
  1328 | D:2      | HP: 1/29 [orc/+0 flail (2)]
  1521 | D:3      | Reached XP level 5. HP: 9/33 MP: 5/5
  1675 | D:3      | Found a white marble altar of Elyvilon.
  1746 | D:3      | Found Yfiosch's General Store.
  1749 | D:3      | Bought a potion of heal wounds for 55 gold pieces
  2193 | D:3      | Found Uskoh's General Store.
  2212 | D:3      | Found Wuquggih's Antique Armour Boutique.
  2230 | D:3      | Found Zuav's Magic Scroll Shoppe.
  2290 | D:3      | Reached XP level 6. HP: 23/39 MP: 6/6
  2613 | D:4      | Found Oboit's Gadget Gallery.
  2769 | D:4      | Noticed a black bear
  2779 | D:4      | Killed a black bear
  2780 | D:4      | Reached skill level 5 in Armour
  2944 | D:4      | HP: 2/40 [orc/+0 whip of distortion (12)]
  3096 | D:3      | Reached skill level 5 in Fighting
  3142 | D:3      | Reached skill level 5 in Shields
  3205 | D:4      | Reached XP level 7. HP: 44/44 MP: 7/7
  3833 | D:5      | Entered Level 5 of the Dungeon
  4074 | D:5      | Reached XP level 8. HP: 37/51 MP: 8/8
  4126 | D:5      | Noticed Edmund
  4128 | D:5      | Noticed Ijyb
  4150 | D:5      | Killed Edmund
  4151 | D:5      | Reached skill level 5 in Maces & Flails
  4180 | D:5      | Killed Ijyb
  4239 | D:5      | Found a shadowy altar of Dithmenos.
  4309 | D:5      | Noticed Sigmund
  4316 | D:5      | Killed Sigmund
  4415 | D:5      | Found a runed translucent door.
  4416 | D:5      | Noticed Crazy Yiuf
  4519 | D:5      | Found an ornate altar of the Wu Jian Council.
  4537 | D:5      | Found a basalt altar of Yredelemnul.
  4537 | D:5      | Found a shimmering altar of Xom.
  4738 | D:5      | Killed Crazy Yiuf
  4904 | D:6      | Found a staircase to the Ecumenical Temple.
  4912 | Temple   | Entered the Ecumenical Temple
  4930 | Temple   | Became a worshipper of Gozag Ym Sagoz the Greedy
  5126 | D:6      | Found a sand-covered staircase.
  5131 | Ossuary  | Entered an ossuary
  5202 | Ossuary  | Reached XP level 9. HP: 56/56 MP: 9/9
  6206 | D:7      | Noticed Jeremiah
  6363 | D:7      | Noticed Pikel
  6379 | D:7      | Killed Pikel
  6450 | D:7      | Noticed Joseph
  6465 | D:7      | Killed Joseph
  6466 | D:7      | Reached XP level 10. HP: 65/65 MP: 10/10
  6892 | D:7      | Killed Jeremiah
  6949 | D:7      | Found Hohel's Weapon Emporium.
  6962 | D:7      | Noticed Maggie
  6978 | D:7      | Killed Maggie
  7208 | D:8      | Noticed a cyclops
  7230 | D:8      | Killed a cyclops
  7402 | D:3      | Bought a scroll of acquirement for 624 gold pieces
  7403 | D:3      | Acquired the +0 pair of fencer's gloves {Riposte Dex+3}
  7403 | D:3      | Found the +0 pair of fencer's gloves {Riposte Dex+3}
  7548 | D:8      | Noticed a deep elf pyromancer
  7619 | D:8      | Identified the +7 war axe "Osagiono" {venom, Fly Will+
                  | Str-3}
  7661 | D:7      | Killed a deep elf pyromancer
  7727 | D:8      | Identified the +7 short sword "Raonuoso" {heavy, *Rage rN+
                  | Will+ Str+3}
  8107 | D:8      | Found a shimmering blue altar of Sif Muna.
  8193 | D:8      | Found a hazy altar of Hepliaklqana.
  8371 | D:9      | Reached XP level 11. HP: 71/71 MP: 11/11
  8630 | D:9      | Found a runed translucent gate.
  8630 | D:9      | Identified the +6 chain mail of Okawaru's Grace {rPois
                  | Regen+ Str+2}
  8630 | D:9      | Noticed Atlas's ghost (novice DsFE)
  8631 | D:9      | Found a runed translucent gate.
  8632 | D:9      | Found a runed translucent gate.
  8638 | D:9      | Identified the +0 crystal plate armour "Junwij" {rF+ Dex+3
                  | Stlth-}
  8999 | D:10     | Entered Level 10 of the Dungeon
  9385 | D:10     | Reached skill level 10 in Shields
  9417 | D:10     | Reached skill level 10 in Fighting
  9447 | D:10     | Reached skill level 10 in Armour
  9551 | D:10     | Noticed a two-headed ogre
  9562 | D:10     | Killed a two-headed ogre
  9756 | D:10     | Found a broken altar of Ashenzari.
  9759 | D:10     | Found a hide-covered altar of Uskayaw.
  9928 | D:11     | Found a staircase to the Orcish Mines.
 10000 | D:11     | Found a staircase to the Lair.
 10182 | D:11     | Noticed Erica
 10235 | D:11     | Killed Erica
 10277 | D:11     | Noticed Sonja
 10293 | D:11     | Killed Sonja
 10432 | D:11     | Noticed a two-headed ogre
 10446 | D:11     | Killed a two-headed ogre
 10823 | D:10     | Found an iron altar of Okawaru.
 10823 | D:10     | Found a bloodstained altar of Trog.
 10894 | Lair:1   | Entered Level 1 of the Lair of Beasts
 10964 | Lair:1   | Reached XP level 12. HP: 73/79 MP: 12/12
 11043 | Lair:1   | Identified the +1 scale mail of Understanding {Int+3}
 11065 | Lair:1   | Reached skill level 10 in Maces & Flails
 11901 | Lair:2   | Noticed Fannar
 11949 | Lair:2   | Killed Fannar
 12207 | Lair:2   | Found a staircase to the Snake Pit.
 12207 | Lair:2   | Identified the +7 dagger "Dragon's Foe" {antimagic, rF++
                  | rN+ Dex-5}
 12301 | Lair:2   | Found a staircase to the Swamp.
 12743 | Lair:2   | Found a runed translucent door.
 12747 | Lair:2   | Identified the +4 spear of Karma {flame, rPois}
 12748 | Lair:2   | Noticed zenocrate's ghost (journeyman KoDe)
 13041 | Lair:3   | Noticed a catoblepas
 13069 | Lair:3   | Killed a catoblepas
 13076 | Lair:3   | Reached XP level 13. HP: 29/86 MP: 13/13
 13604 | Lair:3   | Learned a level 3 spell: Passwall
 14063 | Lair:4   | You fall into a shaft and drop 1 floor!
 14063 | Lair:5   | Entered Level 5 of the Lair of Beasts
 14530 | Lair:4   | Found a staircase to the Slime Pits.
 14531 | Lair:4   | Found a viscous altar of Jiyva.
 14539 | Lair:4   | Gained mutation: Your large and strong wings let you fly.
                  | [Gargoyle growth]
 14539 | Lair:4   | Reached XP level 14. HP: 84/94 MP: 14/14
 16104 | Lair:5   | Reached XP level 15. HP: 93/101 MP: 15/15
 16147 | Lair:5   | Identified the maw talisman of Grace {+Blink Int-3 Dex+3}
 16546 | Lair:5   | Reached skill level 15 in Shields
 16987 | D:9      | Killed Atlas's ghost
 16988 | D:9      | Reached skill level 15 in Fighting
 16998 | D:9      | Reached skill level 15 in Armour
 17736 | Orc:1    | Entered Level 1 of the Orcish Mines
 18036 | Orc:1    | Noticed a kraken
 18514 | Orc:2    | Entered Level 2 of the Orcish Mines
 18514 | Orc:2    | Found Veicauxe's Weapon Shop.
 18593 | Orc:2    | Found a bloodstained altar of Trog.
 18685 | Orc:2    | Noticed an orc warlord
 18737 | Orc:1    | Killed an orc warlord
 18993 | Orc:2    | Found a staircase to the Elven Halls.
 19759 | Orc:2    | HP: 3/103 [orc high priest/+4 scimitar (8)]
 19760 | Orc:2    | Killed from afar by an orc high priest

Illustrated notes

Levels and vault maps discovered:
D:1:      ncdulo_halloftheorcs, layout_basic
D:2:      layout_basic
D:3:      minmay_evil_eye, layout_rooms, old_standard_altar, serial_shops,
          nicolae_shop_advertising_works [nicolae_subvault_shop_adworks],
          nicolae_shop_back_alley_shop, shop, nicolae_shop_real_fake_doors, shop
D:4:      layout_loops_corners, nicolae_shop_gadgets
D:5:      layout_basic, pdpol_wu_jian_five_deadly_venoms,
          mainiacjoe_overflow_24_doors, gammafunk_temple_overflow_elements,
          uniq_crazy_yiuf_cottage, uniq_edmund, uniq_ijyb, uniq_sigmund
D:6:      nicolae_cairo_tiling, layout_basic, minmay_temple_entry_wispy,
          enter_ossuary_2
D:7:      layout_cave_pods, serial_shops, nicolae_shop_pleasant_corner_grove,
          uniq_joseph, uniq_maggie, uniq_pikel, uniq_jeremiah
D:8:      nzn_winding_woodlands_small
          [nzn_winding_woodlands_5x15_river_crossing,
          nzn_winding_woodlands_center_triple_pond,
          nzn_winding_woodlands_5x15_concentric], layout_cave_pools,
          mainiacjoe_overflow_cross_hatched, lemuel_blue_sif_altar
D:9:      layout_loops_ring, biasface_ghost_orc_armoury
D:10:     layout_roguey, nicolae_overflow_hidden_temple
D:11:     layout_irregular_city, lair_entry_dummy, hiddenorc2_lemuel,
          uniq_erica, uniq_sonja
Temple:   chequers_temple_sunken
Lair:1:   layout_chaotic_city, grunt_forest_large_clearings
Lair:2:   layout_loops_ring, swamp_mist_pool,
          minmay_snake_entry_guardpost_small, ebering_ghost_funeral_grove,
          uniq_fannar
Lair:3:   layout_small_grid, serial_rivers, chequers_serial_rivers_large_b,
          chequers_serial_rivers_marsh, chequers_serial_rivers_room_b,
          chequers_serial_rivers_room_a, chequers_serial_rivers_micro_d
Lair:4:   layout_roguey, nicolae_slime_entry_slimehenge, lemuel_fruit_tree
Lair:5:   guppyfry_lair_end_dragon, layout_long_grid,
          hangedman_lair_caniforms_friends, lemuel_fruit_fields,
          grunt_megastairs_4, serial_bayou_shore_a
Orc:1:    layout_diamond_mine, mainiacjoe_minedec_watcher_in_the_water,
          regret_index_minedec_shroomtown_chain, nicolae_orc_minecarts
Orc:2:    st_orc_pillars, layout_caves, serial_shops, shop, basic_altar,
          nicolae_orc_rockfall

Skill      XL: |  1  2  3  4  5  6  7  8  9 10 11 12 13 14 15 |
---------------+----------------------------------------------+-----
Armour         | 4 5 6 8 9 10 12 13 14 15 | 15.4
Fighting       | 4 5 6 8 9 10 12 13 14 15 | 15.3
Shields        | 4 5 6 8 9 11 12 13 14 15 | 15.4
Maces & Flails | 3 4 5 7 8 9 11 12 13 14 | 14.0

Action                     |  1- 3 |  4- 6 |  7- 9 | 10-12 | 13-15 || total
---------------------------+-------+-------+-------+-------+-------++-------
  Melee: Flail             |   149 |   189 |   568 |   861 |       ||  1767
         Morningstar       |       |       |       |    22 |   959 ||   981
  Evoke: Wand              |       |       |       |     3 |       ||     3
    Use: Scroll            |       |       |    13 |    10 |     6 ||    29
         Potion            |       |       |       |       |     2 ||     2
   Stab: Distracted        |       |       |       |     2 |    13 ||    15
 Armour: Scale mail        |   143 |   191 |   122 |       |       ||   456
         Chain mail        |       |       |   272 |     3 |   155 ||   430
         Storm dragon scal |       |       |       |   800 |   406 ||  1206
  Dodge: Dodged            |    84 |   104 |   177 |   294 |   199 ||   858
  Block: Buckler           |    28 |    55 |    21 |       |       ||   104
         Kite shield       |       |       |   263 |   664 |   567 ||  1494
Riposte: Flail             |       |       |       |   266 |       ||   266
         Morningstar       |       |       |       |     6 |   156 ||   162

Table legend: (Time is in decaauts)
 A = Elapsed time spent in this place.
 B = Non-inter-level travel time spent in this place.
 C = Inter-level travel time spent in this place.
 D = Time resting spent in this place.
 E = Time spent auto-exploring this place.
 F = Levels seen in this place.
 G = Mean time per level.
                   A        B        C        D        E       F      G
               +--------+--------+--------+--------+--------+-----+--------+
         Total |  19976 |  18713 |   1263 |   1067 |  11840 |  20 |  998.8 |
       Dungeon |  11649 |  10722 |    927 |    798 |   6897 |  11 | 1059.0 |
        Temple |     36 |      2 |     34 |      0 |      0 |   1 |   36.0 |
          Lair |   5916 |   5666 |    250 |    212 |   3750 |   5 | 1183.2 |
  Orcish Mines |   1911 |   1860 |     51 |     57 |   1020 |   2 |  955.5 |
       Ossuary |    462 |    462 |      0 |      0 |    173 |   1 |  462.0 |
               +--------+--------+--------+--------+--------+-----+--------+

Top non-repeatable levels by time:
  Lair:5: 1741 daAuts
     D:9: 1493 daAuts
     D:4: 1239 daAuts
    D:11: 1179 daAuts
   Orc:2: 1162 daAuts
     D:3: 1158 daAuts
     D:6: 1138 daAuts
  Lair:3: 1116 daAuts
  Lair:2: 1114 daAuts
     D:2: 1060 daAuts
     D:7: 1035 daAuts
     D:5: 1015 daAuts
  Lair:4: 1004 daAuts
  Lair:1: 940 daAuts
    D:10: 904 daAuts
